 Dungeon Crawl Stone Soup version 0.28-a0-941-g140ffa10cf (webtiles) character file.

Game seed: 4651527564433879232

138 whyfkfv the Vexing (level 5, -9/24 HPs)
             Began as a Spriggan Enchanter on Nov 29, 2021.
             Killed by divine providence
             ... invoked by an orc priest
              (13 damage)
             ... on level 3 of the Dungeon.
             The game lasted 00:04:54 (3211 turns).

whyfkfv the Vexing (Spriggan Enchanter)             Turns: 3211, Time: 00:04:55

Health: -9/24      AC:  3    Str:  5    XL:     5   Next: 1%
Magic:  13/13      EV: 17    Int: 16    God:
Gold:   97         SH:  0    Dex: 16    Spells: 5/13 levels left

rFire   + . .      SeeInvis +   a - +2 dagger
rCold   . . .      Faith    .   (shield restricted)
rNeg    . . .      Spirit   .   b - +1 robe
rPois   .          Reflect  .   (helmet restricted)
rElec   .          Harm     .   (no cloak)
rCorr   .          Rampage  .   (gloves unavailable)
Will    .....                   (boots unavailable)
Stlth   +++.......              (no amulet)
HPRegen 0.08/turn               d - ring of protection from fire
MPRegen 0.13/turn               (no ring)

@: invisible, very quick
A: very small, no large weapons, unfitting armour, see invisible, speed 3
a: no special abilities


You were on level 3 of the Dungeon.
You visited 1 branch of the dungeon, and saw 3 of its levels.

You collected 97 gold pieces.

Inventory:

Hand Weapons
 a - a +2 dagger (weapon)
 k - a +0 rapier
Armour
 b - a +1 robe (worn)
 e - the +0 buckler of Leaves {Regen+}
   (You acquired it on level 2 of the Dungeon)

   Regen:     It increases your rate of health regeneration.
Jewellery
 d - a ring of protection from fire (left hand)
Scrolls
 i - a scroll of amnesia
 j - 2 scrolls of teleportation
Potions
 c - a potion of invisibility
 f - a potion of degeneration {unknown}
 g - 2 potions of lignification {unknown}
 h - a potion of curing {unknown}


   Skills:
 - Level 1.1 Short Blades
 - Level 2.6 Dodging
 - Level 4.4 Stealth
 + Level 0.0 Shields
 - Level 4.9 Spellcasting
 - Level 5.5 Hexes


You had 5 spell levels left.
You knew the following spells:

 Your Spells              Type           Power      Damage    Failure   Level
a - Ensorcelled Hibernat  Hex/Ice        24%        N/A       8%          2
b - Tukima's Dance        Hex            21%        N/A       4%          3
c - Dazzling Flash        Conj/Hex       24%        N/A       16%         3

Your spell library contained the following spells:

 Spells                   Type           Power      Damage    Failure   Level
 Confusing Touch          Hex            21%        N/A       4%          3


Dungeon Overview and Level Annotations

Branches:
Dungeon (3/15)

Altars:
Trog


Innate Abilities, Weirdness & Mutations

You are very small and have problems with some larger weapons.
You are too small for most types of armour.
You have supernaturally acute eyesight. (SInv)
You cover ground extremely quickly. (Speed+++)


Message History

Unknown command.
You now have 89 gold pieces (gained 11).
You now have 97 gold pieces (gained 8).
You open the door.
There is an open door here.
A hobgoblin and 2 orcs come into view.
An orc comes into view. It is wielding a +0 dagger.
Found 2 boomerangs.
The helpless hobgoblin fails to defend itself.
You impale the hobgoblin!!
You kill the hobgoblin!
Found a thick jewelled staff.
The orc shouts!
You hear a shout!
An orc comes into view. It is wielding a +0 club.
The orc closely misses you.
The orc shouts!
You hit the orc but do no damage. The orc misses you. x2
You closely miss the orc.
An orc priest comes into view. It is wielding a +0 dagger.
The orc barely misses you.
You hit the orc.
The orc is heavily wounded.
The orc priest mumbles some strange prayers to Beogh against you.
Beogh smites you! The orc completely misses you. The orc closely misses you.
You hit the orc.
The orc is almost dead.
The orc hits you from afar with a +0 trident.
* * * LOW HITPOINT WARNING * * *
The orc hits you with a +0 dagger.
* * * LOW HITPOINT WARNING * * *
The orc barely misses you.
Okay, then.
The orc closely misses you.
You fade into invisibility!
The orc barely misses you. The orc closely misses you.
Unknown command.
The orc priest mumbles some strange prayers to Beogh against you.
Beogh smites you!
Ouch! That really hurt!
You die...

........# #.#
#......# ........#
#.# #.....(+
....)[..# #.#
#......# ######.##
#.# #......# # #.÷#
#.# #..o...# ##.#
#.# #.oo...# #.##
#.# #..o...# #..#
#.####o.#.## ##.#
#.#..@..#
#.###.#.##..#
#.######.†##.#.##.##
#.........#....##.#
#########....####..
#[..÷# ### ##.#.#
###### #...# #....#
##..# #.##.####


You could see an orc priest and 4 orcs.

Vanquished Creatures
  An orc priest (D:3)
  An orc wizard (D:3)
  An adder (D:3)
  6 orcs
  7 bats
  5 endoplasms
  10 giant cockroaches
  3 goblins (D:2)
  7 hobgoblins
  A quokka (D:1)
  2 ball pythons (D:2)
  3 frilled lizards
  6 kobolds
  5 rats
58 creatures vanquished.

Vanquished Creatures (collateral kills)
  An orc (D:3)
  2 giant cockroaches (D:3)
3 creatures vanquished.

Grand Total: 61 creatures vanquished

Notes
Turn   | Place    | Note
-------+----------+-------------------------------------------
     0 | D:1      | whyfkfv the Spriggan Enchanter began the quest for the Orb.
     0 | D:1      | Reached XP level 1. HP: 9/9 MP: 5/5
   397 | D:1      | Reached skill level 4 in Hexes
   411 | D:1      | Reached XP level 2. HP: 13/13 MP: 7/7
   414 | D:1      | Learned a level 2 spell: Ensorcelled Hibernation
  1622 | D:2      | Reached XP level 3. HP: 11/16 MP: 9/9
  1626 | D:2      | Learned a level 3 spell: Tukima's Dance
  1630 | D:2      | Learned a level 3 spell: Dazzling Flash
  1814 | D:2      | Identified a scroll of acquirement
  1814 | D:2      | Acquired the +0 buckler of Leaves {Regen+}
  1908 | D:2      | Found a bloodstained altar of Trog.
  2463 | D:2      | Reached XP level 4. HP: 21/21 MP: 8/11
  2663 | D:3      | Reached skill level 5 in Hexes
  3139 | D:3      | Reached XP level 5. HP: 22/24 MP: 13/13
  3211 | D:3      | Killed from afar by an orc priest

Illustrated notes

Levels and vault maps discovered:
D:1:      dpeg_arrival_houses_and_road, layout_basic
D:2:      layout_rooms, basic_altar, minmay_misc_feat_rugged
D:3:      minmay_roachtagon, layout_basic

Skill      XL: |  1  2  3  4 |
---------------+-------------+-----
Spellcasting   | 3 4 |  4.9
Hexes          | 4 5 |  5.5
Short Blades   | |  1.1
Dodging        | |  2.6
Stealth        | |  4.4

Action                   |  1- 3 |  4- 6 || total
-------------------------+-------+-------++-------
Melee: Dagger            |   136 |    52 ||   188
 Cast: Ensorcelled Hiber |    11 |    12 ||    23
       Tukima's Dance    |       |     2 ||     2
  Use: Scroll            |     5 |     1 ||     6
       Potion            |       |     1 ||     1
 Stab: Sleeping          |    12 |    11 ||    23
       Distracted        |       |     1 ||     1
Armor: Robe              |    18 |     5 ||    23
Dodge: Dodged            |   101 |    44 ||   145

Table legend: (Time is in decaauts)
 A = Elapsed time spent in this place.
 B = Non-inter-level travel time spent in this place.
 C = Inter-level travel time spent in this place.
 D = Time resting spent in this place.
 E = Time spent auto-exploring this place.
 F = Levels seen in this place.
 G = Mean time per level.
                   A        B        C        D        E       F      G
               +--------+--------+--------+--------+--------+-----+--------+
         Total |   2578 |   2517 |     61 |    336 |   1754 |   3 |  859.3 |
       Dungeon |   2578 |   2517 |     61 |    336 |   1754 |   3 |  859.3 |
               +--------+--------+--------+--------+--------+-----+--------+

Top non-repeatable levels by time:
     D:1: 1145 daAuts
     D:2: 839 daAuts
     D:3: 593 daAuts
